 Dungeon Crawl Stone Soup version 0.27-a0-1595-g0b823d0a13 (webtiles) character file.

Game seed: 16209629922574568283

422 karkarkar the Chopper (level 6, 0/53 HPs)
             Began as a Minotaur Berserker on July 20, 2021.
             Was a Believer of Trog.
             Slain by a scorpion (6 damage)
             ... on level 5 of the Dungeon.
             The game lasted 00:05:37 (3190 turns).

karkarkar the Chopper (Minotaur Berserker)          Turns: 3190, Time: 00:05:37

Health: 0/53       AC:  4    Str: 21    XL:     6   Next: 63%
Magic:  5/5        EV: 12    Int:  4    God:    Trog [**....]
Gold:   168        SH:  0    Dex: 12    Spells: 5/5 levels left

rFire    . . .     SeeInvis .   a - +0 hand axe
rCold    . . .     Faith    .   (no shield)
rNeg     . . .     Spirit   .   j - +0 leather armour
rPois    .         Reflect  .   (helmet restricted)
rElec    .         Harm     .   p - +0 cloak
rCorr    +         Rampage  .   (no gloves)
Will     .....                  (no boots)
Stlth    ++........             (no amulet)
HPRegen  0.17/turn              c - ring of resist corrosion
MPRegen  0.09/turn              l - ring of resist corrosion

@: lethally poisoned (0 -> -4)
A: horns 2, retaliatory headbutt
a: Renounce Religion, Berserk, Trog's Hand


You were on level 5 of the Dungeon.
You worshipped Trog.
Trog was pleased with you.
You visited 1 branch of the dungeon, and saw 5 of its levels.

You collected 168 gold pieces.

Inventory:

Hand Weapons
 a - a +0 hand axe (weapon)
Missiles
 s - 2 atropa-tipped darts (quivered)
Armour
 j - a +0 leather armour (worn)
 p - a +0 cloak (worn)
Jewellery
 c - a ring of resist corrosion (left hand)
 l - a ring of resist corrosion (right hand)
Wands
 b - a wand of iceblast (10)
 r - a wand of flame (20)
 t - a wand of mindburst (20)
Scrolls
 d - a scroll of brand weapon {unknown}
 g - 2 scrolls of magic mapping {unknown}
 i - a scroll of enchant armour
 m - 2 scrolls of torment {unknown}
 n - 3 scrolls of identify {unknown}
 q - a scroll of teleportation
Potions
 e - 3 potions of curing {unknown}
 f - 2 potions of mutation {unknown}
 h - a potion of brilliance {unknown}
 k - 2 potions of haste {unknown}
 o - a potion of flight {unknown}


   Skills:
 + Level 4.7 Fighting
 * Level 7.4 Axes
 + Level 2.9 Armour
 + Level 3.0 Dodging
 + Level 2.0 Stealth


You had 5 spell levels left.
You didn't know any spells.
Your spell library was empty.

Dungeon Overview and Level Annotations

Branches:
Dungeon (5/15)
 Temple: D:4-7

Altars:
Xom

Annotations:
D:4 Menkaure


Innate Abilities, Weirdness & Mutations

You have a pair of horns on your head.
You reflexively headbutt those who attack you in melee.


Message History

The necrophage hits you.
You closely miss the scorpion.
You headbutt the scorpion, but do no damage.
The scorpion is heavily wounded.
You barely miss the necrophage. The scorpion stings you.
You are poisoned.
The scorpion poisons you!
The necrophage hits you but does no damage.
You hit the scorpion.
The scorpion is severely wounded.
You closely miss the necrophage.
You feel very sick. The scorpion stings you.
The necrophage hits you but does no damage.
You are too injured to fight recklessly!
You are too injured to fight recklessly!
Unknown command.
You completely miss the necrophage. Your headbutt misses the necrophage.
The necrophage is heavily damaged.
You hit the scorpion.
You feel sick.
The scorpion stings you but does no damage.
You slash the necrophage!
The necrophage is severely damaged.
You hit the scorpion but do no damage.
You feel sick. The scorpion stings you!
* * * LOW HITPOINT WARNING * * *
The necrophage barely misses you.
You hit the necrophage.
The necrophage is almost destroyed.
You hit the scorpion.
You feel sick. The scorpion barely misses you.
The necrophage barely misses you.
Unknown command.
You hit the necrophage. You headbutt the necrophage.
You destroy the necrophage!
Trog accepts your kill.
You hit the scorpion but do no damage.
You recover from your berserk rage.
You feel sick. The scorpion stings you.
* * * LOW HITPOINT WARNING * * *
The scorpion stings you.
You die...

.♣♣ ♣..# .... ♣..# ._.
♣(.# ...♣..##### ..
♣.♣......# ###.
........# ######
...♣♣♣♣♣♣♣s.....#
#<...# #.#
#.........@#.# #....#
#.# #.#......##.##
#....# #.#
#..###)......####....#
#.#
###.....####....##....#
#.####...>####
##.#.......#
#......##.# #.####....#
##..### #.# #.# #....#
...# #.# #.## #....#
#..### #.######
#..###....#


You could see a scorpion.

Vanquished Creatures
  A sky beast (D:5)
  A necrophage (D:5)
  2 ogres (D:5)
  A centaur zombie (D:5)
  Crazy Yiuf (D:2)
  4 gnolls (D:4)
  An adder (D:4)
  2 worms (D:3)
  A dart slug (D:2)
  7 ball pythons
  A bat (D:2)
  4 endoplasms
  4 giant cockroaches
  6 goblins
  3 hobgoblins (D:2)
  4 quokkas
  A frilled lizard (D:2)
  2 kobolds
  3 rats (D:2)
49 creatures vanquished.

Notes
Turn   | Place    | Note
-------+----------+-------------------------------------------
     0 | D:1      | karkarkar the Minotaur Berserker began the quest for the
                  | Orb.
     0 | D:1      | Reached XP level 1. HP: 19/19 MP: 0/0
   512 | D:1      | Reached skill level 4 in Axes
   745 | D:1      | Reached XP level 2. HP: 27/27 MP: 1/1
   820 | D:1      | Found a faded altar of an unknown god.
  1369 | D:2      | Reached XP level 3. HP: 32/33 MP: 2/2
  1515 | D:2      | Reached ** piety under Trog
  1566 | D:2      | Found a runed translucent door.
  1567 | D:2      | Noticed Crazy Yiuf
  1806 | D:2      | Killed Crazy Yiuf
  1807 | D:2      | Reached skill level 5 in Axes
  2091 | D:3      | Reached XP level 4. HP: 34/40 MP: 3/3
  2279 | D:3      | You fall into a shaft and drop 2 floors!
  2279 | D:5      | Entered Level 5 of the Dungeon
  2305 | D:5      | Noticed an ogre
  2353 | D:5      | Noticed an ogre
  2362 | D:5      | Killed an ogre
  2363 | D:5      | Reached skill level 6 in Axes
  2363 | D:5      | Reached skill level 1 in Stealth
  2363 | D:5      | Reached XP level 5. HP: 18/47 MP: 4/4
  2787 | D:4      | Noticed Menkaure
  2791 | D:4      | Noticed a phantom
  2878 | D:5      | Noticed a necrophage
  2894 | D:5      | Noticed a sky beast
  2905 | D:5      | Killed a sky beast
  2906 | D:5      | Reached skill level 7 in Axes
  2906 | D:5      | Reached XP level 6. HP: 35/53 MP: 5/5
  3178 | D:5      | Found a shimmering altar of Xom.
  3190 | D:5      | Slain by a scorpion

Illustrated notes

Levels and vault maps discovered:
D:1:      psy_arrival_terrarium, layout_basic,
          hellmonk_ecumenical_altar_lost_god
D:2:      layout_loops_ring, st_stairs_9, uniq_crazy_yiuf_cottage
D:3:      layout_rooms, chequers_serial_rivers_large_a, grunt_ministairs_9,
          uniq_natasha
D:4:      layout_basic, kennysheep_little_box, tgw_fedhas, uniq_menkaure,
          uniq_edmund
D:5:      layout_rooms, mainiacjoe_overflow_cross_hatched

Skill      XL: |  1  2  3  4  5  6 |
---------------+-------------------+-----
Axes           | 4 5 6 7 |  7.4
Fighting       | 4 |  4.7
Stealth        | 1 2 |  2.0
Dodging        | 3 |  3.0
Armour         | |  2.9

Action                   |  1- 3 |  4- 6 || total
-------------------------+-------+-------++-------
Melee: Hand axe          |    65 |    52 ||   117
       Headbutt          |    15 |    10 ||    25
Invok: Berserk           |     2 |     3 ||     5
  Use: Scroll            |     4 |       ||     4
 Stab: Sleeping          |     4 |       ||     4
Armor: Animal skin       |     8 |     2 ||    10
       Leather armour    |       |    10 ||    10
Dodge: Dodged            |    33 |    30 ||    63

Table legend: (Time is in decaauts)
 A = Elapsed time spent in this place.
 B = Non-inter-level travel time spent in this place.
 C = Inter-level travel time spent in this place.
 D = Time resting spent in this place.
 E = Time spent auto-exploring this place.
 F = Levels seen in this place.
 G = Mean time per level.
                   A        B        C        D        E       F      G
               +--------+--------+--------+--------+--------+-----+--------+
         Total |   3253 |   3129 |    124 |    468 |   2173 |   5 |  650.6 |
       Dungeon |   3253 |   3129 |    124 |    468 |   2173 |   5 |  650.6 |
               +--------+--------+--------+--------+--------+-----+--------+

Top non-repeatable levels by time:
     D:1: 1012 daAuts
     D:2: 964 daAuts
     D:5: 718 daAuts
     D:3: 331 daAuts
     D:4: 226 daAuts
